 Dungeon Crawl Stone Soup version 0.27.1-3-gb3d3a73c9e (webtiles) character file.

Game seed: 5780946081954413274

12052 Elvor the Thaumaturge (level 11, -13/66 HPs)
             Began as a Deep Elf Conjurer on Oct 7, 2021.
             Was a Priest of Vehumet.
             Mangled by a yaktaur captain (18 damage)
             ... on level 9 of the Dungeon.
             The game lasted 01:31:07 (8189 turns).

Elvor the Thaumaturge (Deep Elf Conjurer)           Turns: 8189, Time: 01:31:08

Health: -13/66     AC:  7    Str:  4    XL:     11   Next: 57%
Magic:  6/29       EV: 17    Int: 27    God:    Vehumet [***...]
Gold:   549        SH:  6    Dex: 13    Spells: 19/34 levels left

rFire    . . .     SeeInvis +   G - +1 short sword (venom)
rCold    . . .     Faith    .   y - +2 buckler {reflect}
rNeg     . . .     Spirit   .   F - +0 steam dragon scales
rPois    .         Reflect  +   (no helmet)
rElec    .         Harm     .   (no cloak)
rCorr    .         Rampage  .   p - +0 pair of gloves
Will     +....                  (no boots)
Stlth    +++.......             (no amulet)
HPRegen  0.21/turn              m - +4 ring of evasion
MPRegen  0.21/turn              o - ring of see invisible

@: hasted and slowed, studying Unarmed Combat
A: no striking features
a: Renounce Religion


You were on level 9 of the Dungeon.
You worshipped Vehumet.
Vehumet was most pleased with you.
You visited 2 branches of the dungeon, and saw 10 of its levels.

You collected 549 gold pieces.

Inventory:

Hand Weapons
 z - the +5 hunting sling of Pride {freeze, rF+}
   (You found it on level 5 of the Dungeon)

   Any ammunition fired from it freezes those it strikes, dealing additional
   cold damage.
   It can also slow down cold-blooded creatures.
   rF:        It protects you from fire.
 D - a +4 falchion
 G - a +1 short sword of venom (weapon)
 H - a +0 eveningstar
 M - a +3 short sword of freezing
Missiles
 b - 343 stones
 f - 28 sling bullets
 x - 40 poisoned darts
 J - 12 boomerangs
 K - 2 curare-tipped darts
Armour
 p - a +0 pair of gloves (worn)
 y - a +2 buckler of reflection (worn)
 F - +0 steam dragon scales (worn)
Jewellery
 m - a +4 ring of evasion (left hand)
 o - a ring of see invisible (right hand)
 L - a ring of flight
Wands
 u - a wand of polymorph (28)
 w - a wand of iceblast (10)
 C - a wand of digging (4)
 E - a wand of mindburst (6)
Scrolls
 a - 2 scrolls of enchant armour {unknown}
 c - a scroll of noise {unknown}
 d - a scroll of silence {unknown}
 i - a scroll of acquirement {unknown}
 k - a scroll of blinking {unknown}
 n - 2 scrolls of enchant weapon
 q - 3 scrolls of vulnerability
 r - 2 scrolls of fog {unknown}
 s - a scroll of fear {unknown}
 t - 3 scrolls of magic mapping
 v - a scroll of teleportation {unknown}
 A - a scroll of summoning {unknown}
Potions
 g - 3 potions of degeneration
 h - 2 potions of mutation
 j - 2 potions of resistance
 l - a potion of brilliance
 B - 2 potions of ambrosia


   Skills:
 * Level 6.6 Fighting
 + Level 1.9 Short Blades
 + Level 4.5 Throwing
 + Level 4.2 Armour
 + Level 5.5 Dodging
 + Level 4.9 Stealth
 + Level 1.6 Shields
 + Level 12.3 Spellcasting
 + Level 9.3 Conjurations
 + Level 6.1 Hexes
 + Level 1.4 Earth Magic
 + Level 5.1 Evocations


You had 19 spell levels left.
You knew the following spells:

 Your Spells              Type           Power      Damage    Failure   Level
a - Magic Dart            Conj           100%       1d8       1%          1
b - Searing Ray           Conj           100%       3d7       1%          2
c - Slow                  Hex            49%        N/A       1%          2
d - Iskenderun's Mystic   Conj/Tloc      41%        2d9       1%          4
e - Vampiric Draining     Necr           8%         2d7       14%         3
f - Stone Arrow           Conj/Erth      90%        3d12      1%          3

Your spell library contained the following spells:

 Spells                   Type           Power      Damage    Failure   Level
 Confusing Touch          Hex            49%        N/A       1%          3
 Dazzling Flash           Conj/Hex       100%       N/A       1%          3
 Fulminant Prism          Conj/Hex       27%        3d14      1%          4


Dungeon Overview and Level Annotations

Branches:
Dungeon (9/15)             Temple (1/1) D:6
   Lair: D:8-11         Orc: D:9-12

Altars:
Ashenzari
Cheibriados
Dithmenos
Elyvilon
Fedhas
Gozag
Hepliaklqana
Kikubaaqudgha
Makhleb
Okawaru
Qazlal
Ru
Sif Muna
Trog
Uskayaw
Vehumet
Wu Jian
Xom
Yredelemnul
Zin
The Shining One


Message History

The wraith hits you. The wraith drains your vigour!
You feel yourself slow down.
The searing ray hits the wraith.
The wraith is almost destroyed.
The searing ray hits the yaktaur captain!
The yaktaur captain is severely wounded.
You finish channeling your searing ray.
The wraith closely misses you.
Aiming: Searing Ray (safe; 1% risk of failure)
Press: ? - help, Q - select action, (/) - cycle Shift-Dir - straight line, f/p - yaktaur captain
Aim: a yaktaur captain, quivering bolts (severely wounded, 94% to hit)
The searing ray hits the yaktaur captain!
The yaktaur captain is severely wounded.
The searing ray hits the wraith!
You destroy the wraith!
Vehumet accepts your kill.
You feel your power returning. (Press . to maintain the ray.)
The yaktaur captain hits you but does no damage.
The searing ray hits the yaktaur captain!
The yaktaur captain is almost dead.
The searing ray hits the centaur zombie!!
The centaur zombie is severely damaged.
The yaktaur captain hits you!!
The searing ray hits the yaktaur captain!
The yaktaur captain is almost dead.
The searing ray hits the centaur zombie!
You destroy the centaur zombie!
Vehumet accepts your kill. The yaktaur captain hits you!!
* * * LOW HITPOINT WARNING * * *
The yaktaur captain hits you!
* * * LOW HITPOINT WARNING * * *
You feel yourself speed up. You block the yaktaur captain's attack.
Okay, then.
Aiming: Mindburst
Press: ? - help, Shift-Dir - straight line, f/p - yaktaur captain
Aim: a yaktaur captain, quivering bolts (almost dead, chance to affect: 51%)
The yaktaur captain resists with significant effort.
The yaktaur captain hits you!!
You die...

## ♣♣))♣♣ ########..# #
♣≈≈≈≈♣ #...#### #
♣P≈♣)≈♣♣ #....... #
♣≈P♣≈.♣♣♣≈P♣ #...#..#
#### ♣≈♣ ♣.≈≈≈≈♣
##..#..#
...#######♣.♣#######
#.......
...#...♣.......♣.(.#
########
...#.♣.♣)♣.♣.♣.♣c♣)#
#...
#..#.♣.♣.♣.♣.♣)♣@♣ZWc
#...
#..#♣♣.♣.♣.♣.♣(♣.♣♣##†$
##+##### ...#
♣...♣...♣...♣
..##....... #..#
#####♣)♣#####
#.#....... #.)#
♣♣.....♣♣ #.......
#..#♣♣♣♣...PP..♣♣♣♣#
#.....##
#..#......P≈.......#
#.###.#.
#..#♣♣♣♣...PP..♣♣♣♣#
#)..).## #..# ♣♣.....♣♣
############


You could see a yaktaur captain.

Vanquished Creatures
  A death knight (D:9)
  4 two-headed ogres
  A deep elf pyromancer (D:9)
  An ugly thing (D:7)
  2 cyclopes
  A komodo dragon (D:7)
  A meliai (shapeshifter) (D:9)
  A vampire (D:7)
  A wraith (D:9)
  A yak (D:9)
  3 wyverns
  3 vampire mosquitoes (D:7)
  2 steam dragons
  A water moccasin (D:9)
  3 ice beasts
  4 orc warriors
  3 black bears
  A sky beast (D:7)
  A hornet zombie (D:5)
  6 ogres
  2 centaurs
  3 phantoms
  7 kobold brigands
  A wyvern zombie (D:7)
  6 scorpions
  A gnoll sergeant (D:9)
  5 bullfrogs
  A wyvern skeleton (D:7)
  3 killer bees (D:9)
  3 electric eels (D:7)
  12 wights
  4 howler monkeys
  2 jellies
  A bullfrog skeleton (D:4)
  3 centaur zombies
  3 hounds
  3 gnoll shamans (D:8)
  2 orc priests
  2 centaur skeletons (D:7)
  2 iguanas (D:5)
  A scorpion zombie (D:5)
  6 orc wizards
  2 killer bee zombies
  A hound zombie (D:5)
  2 hound skeletons (D:5)
  A howler monkey zombie (D:7)
  A howler monkey skeleton (D:4)
  9 gnolls
  5 adders
  5 shadow imps
  A white imp (D:7)
  An adder skeleton (D:4)
  4 dart slugs
  28 orcs
  8 endoplasms
  2 giant cockroaches
  10 goblins
  6 hobgoblins
  2 jackals (D:4)
  7 quokkas
  7 ball pythons
  5 bats
  2 frilled lizards (D:1)
  18 kobolds
  5 rats
246 creatures vanquished.

Vanquished Creatures (others)
  4 fungi (D:8)
  19 plants
23 creatures vanquished.

Grand Total: 269 creatures vanquished

Notes
Turn   | Place    | Note
-------+----------+-------------------------------------------
     0 | D:1      | Elvor the Deep Elf Conjurer began the quest for the Orb.
     0 | D:1      | Reached XP level 1. HP: 10/10 MP: 6/6
    78 | D:1      | Reached XP level 2. HP: 6/15 MP: 0/8
    81 | D:1      | Learned a level 2 spell: Searing Ray
   117 | D:1      | Reached skill level 5 in Conjurations
   410 | D:1      | Reached XP level 3. HP: 19/19 MP: 3/9
   685 | D:2      | You fall into a shaft and drop 2 floors!
   769 | D:3      | Reached XP level 4. HP: 24/24 MP: 8/11
   845 | D:2      | Found a bloodstained altar of Trog.
  1612 | D:3      | Reached skill level 4 in Spellcasting
  1760 | D:3      | Reached XP level 5. HP: 28/28 MP: 10/13
  2031 | D:4      | Noticed an ogre
  2035 | D:4      | Killed an ogre
  2036 | D:4      | Reached skill level 1 in Fighting
  2036 | D:4      | Reached skill level 1 in Armour
  2036 | D:4      | Reached skill level 5 in Spellcasting
  2036 | D:4      | Reached XP level 6. HP: 34/34 MP: 5/15
  2098 | D:4      | You fall into a shaft and drop 1 floor!
  2098 | D:5      | Entered Level 5 of the Dungeon
  2231 | D:4      | Learned a level 2 spell: Slow
  2478 | D:5      | Reached XP level 7. HP: 39/39 MP: 10/17
  2607 | D:5      | Reached skill level 6 in Spellcasting
  2836 | D:5      | Identified the +5 hunting sling of Pride {freeze, rF+}
  2839 | D:5      | Found a transporter.
  2855 | D:5      | Found a transporter.
  3026 | D:5      | Reached XP level 8. HP: 20/46 MP: 19/19
  3252 | D:5      | Reached skill level 7 in Spellcasting
  3318 | D:6      | Reached skill level 1 in Evocations
  3333 | D:6      | Reached skill level 1 in Short Blades
  3468 | D:6      | Reached skill level 1 in Hexes
  3569 | D:6      | Reached skill level 1 in Throwing
  3569 | D:6      | Reached skill level 8 in Spellcasting
  3593 | D:6      | Found a bloodstained altar of Trog.
  3598 | D:6      | Found a hazy altar of Hepliaklqana.
  3603 | D:6      | Found an ornate altar of the Wu Jian Council.
  3608 | D:6      | Found an iron altar of Okawaru.
  3645 | D:6      | Reached XP level 9. HP: 51/51 MP: 13/23
  3690 | D:6      | Found a staircase to the Ecumenical Temple.
  3698 | Temple   | Entered the Ecumenical Temple
  3848 | Temple   | Became a worshipper of Vehumet
  4145 | D:7      | Noticed a cyclops
  4156 | D:7      | Killed a cyclops
  4158 | D:7      | Noticed a two-headed ogre
  4504 | D:7      | Reached skill level 9 in Spellcasting
  4877 | D:7      | Killed a two-headed ogre
  4878 | D:7      | Reached XP level 10. HP: 50/58 MP: 15/25
  5018 | D:7      | Reached skill level 5 in Fighting
  5030 | D:7      | Reached * piety under Vehumet
  5030 | D:7      | Offered knowledge of Freeze by Vehumet.
  5042 | D:7      | Noticed a two-headed ogre
  5061 | D:7      | a two-headed ogre changed into a komodo dragon
  5365 | D:7      | Reached skill level 1 in Shields
  5365 | D:7      | Reached skill level 10 in Spellcasting
  5416 | D:7      | Noticed a two-headed ogre
  5521 | D:7      | Killed a two-headed ogre
  5577 | D:7      | Noticed a green ugly thing
  5608 | D:7      | Killed a green ugly thing
  5609 | D:7      | Reached skill level 5 in Hexes
  5633 | D:7      | Reached skill level 5 in Dodging
  5935 | D:8      | Reached skill level 11 in Spellcasting
  5979 | D:8      | HP: 3/60 [orc warrior (4)]
  5981 | D:8      | HP: 1/60 [orc warrior (9)]
  5986 | D:8      | HP: 3/60 [orc warrior (10)]
  5995 | D:8      | Reached ** piety under Vehumet
  5995 | D:8      | Offered knowledge of Shock by Vehumet.
  6410 | D:8      | Reached XP level 11. HP: 58/64 MP: 24/28
  6579 | D:8      | Noticed a two-headed ogre
  6609 | D:8      | Killed a two-headed ogre
  6713 | D:8      | Learned a level 4 spell: Iskenderun's Mystic Blast
  6717 | D:8      | Learned a level 3 spell: Vampiric Draining
  7010 | D:9      | Reached skill level 5 in Evocations
  7013 | D:9      | Noticed a two-headed ogre
  7040 | D:9      | Killed a two-headed ogre
  7040 | D:9      | Offered knowledge of Stone Arrow by Vehumet.
  7045 | D:9      | Learned a level 3 spell: Stone Arrow
  7225 | D:9      | Noticed a death knight
  7873 | D:9      | Found a glowing silver altar of Zin.
  8108 | D:9      | Noticed a deep elf pyromancer
  8129 | D:9      | Reached *** piety under Vehumet
  8136 | D:9      | Killed a deep elf pyromancer
  8137 | D:9      | Reached skill level 12 in Spellcasting
  8137 | D:9      | Reached skill level 1 in Earth Magic
  8170 | D:9      | Killed a death knight
  8172 | D:9      | Noticed a yaktaur captain
  8189 | D:9      | Mangled by a yaktaur captain

Illustrated notes

Levels and vault maps discovered:
D:1:      onia_arrival_pyramid, layout_loops_ring
D:2:      layout_loops_ring, basic_altar
D:3:      layout_loops_ring
D:4:      layout_rooms
D:5:      gammafunk_wand_slinger, layout_loops_ring, roderic_lattice_a,
          kennysheep_another_room
D:6:      layout_cave_pools, grunt_temple_overflow_cloverleaf,
          minmay_temple_entry_nine_rooms, corexii_hall_statues_l
D:7:      minmay_slanted_spiral_squares, layout_cave_pools, chequers_big_river,
          minmay_crystal_water, minmay_manual_monstrance
D:8:      kennysheep_seaside_town, layout_rooms, serial_corexii_hall,
          chequers_hall_statues_y, corexii_hall_statues_l
D:9:      nzn_winding_woodlands_three_and_one
          [nzn_winding_woodlands_5x15_lazy_stream,
          nzn_winding_woodlands_5x15_sidewinder,
          nzn_winding_woodlands_5x15_garden,
          nzn_winding_woodlands_center_pierced_h], layout_stronghold,
          zin_scriptorium
Temple:   nicolae_temple_elliptical

Skill      XL: |  1  2  3  4  5  6  7  8  9 10 11 |
---------------+----------------------------------+-----
Conjurations   | 5 6 7 8 9 |  9.3
Spellcasting   | 4 5 6 8 9 11 12 | 12.3
Stealth        | 3 4 |  4.9
Fighting       | 1 3 4 5 6 |  6.6
Armour         | 1 2 3 4 |  4.2
Dodging        | 3 4 5 |  5.5
Evocations     | 3 4 5 |  5.1
Short Blades   | 1 |  1.9
Hexes          | 1 3 5 6 |  6.1
Throwing       | 1 3 4 |  4.5
Shields        | 1 |  1.6
Earth Magic    | 1 |  1.4

Action                   |  1- 3 |  4- 6 |  7- 9 | 10-12 || total
-------------------------+-------+-------+-------+-------++-------
Melee: Short sword       |       |    11 |     3 |    23 ||    37
Throw: Dart              |       |       |    27 |    36 ||    63
 Cast: Magic Dart        |    53 |    63 |    28 |    32 ||   176
       Searing Ray       |       |    24 |    41 |    68 ||   133
       Slow              |       |       |     9 |    21 ||    30
       Stone Arrow       |       |       |       |    23 ||    23
Evoke: Wand              |       |       |    37 |    16 ||    53
  Use: Scroll            |       |       |       |    10 ||    10
       Potion            |       |       |       |     4 ||     4
Armor: Leather armour    |     1 |    12 |     2 |     9 ||    24
       Robe              |     1 |       |       |       ||     1
       Steam dragon scal |       |       |       |     3 ||     3
Dodge: Dodged            |     4 |    15 |    32 |    68 ||   119
Block: Buckler           |       |       |     8 |    22 ||    30
       Reflection        |       |       |     2 |     1 ||     3
